 Dungeon Crawl Stone Soup version 0.22.0-49-gab54619674 (webtiles) character file.

217 JedernureinKreuz the Conjurer (level 5, -6/38 HPs)
             Began as a Gnoll Conjurer on Sept 7, 2018.
             Mangled by a killer bee (7 damage)
             ... on level 3 of the Dungeon.
             The game lasted 00:11:56 (2673 turns).

JedernureinKreuz the Conjurer (Gnoll Conjurer)      Turns: 2673, Time: 00:11:56

Health: -6/38      AC:  9    Str: 10    XL:     5   Next: 94%
Magic:  11/12      EV: 13    Int: 18    God:
Gold:   159        SH:  0    Dex: 16    Spells: 13/14 levels left

rFire    + . .     SeeInvis .   l - +0 dagger (freeze)
rCold    . . .     Gourm    .   (no shield)
rNeg     + . .     Faith    .   b - +3 ring mail
rPois    .         Spirit   .   p - +0 helmet
rElec    .         Reflect  .   (no cloak)
rCorr    .         Harm     .   (no gloves)
MR       .....                  (no boots)
Stlth    ++........             (no amulet)
HPRegen  0.12/turn              k - ring of protection from fire
MPRegen  0.13/turn              r - ring of positive energy

@: lethally poisoned (-6 -> -16), about to teleport
A: distributed training, fangs 1, strong nose
a: no special abilities


You were on level 3 of the Dungeon.
You were not hungry.

You visited 1 branch of the dungeon, and saw 3 of its levels.

You collected 159 gold pieces.

Inventory:

Hand Weapons
 e - a +0 dagger
 g - a +0 short sword
 l - a +0 dagger of freezing (weapon)
Missiles
 d - 128 stones (quivered)
Armour
 a - a +0 robe
 b - a +3 ring mail (worn)
 p - a +0 helmet (worn)
Jewellery
 k - a ring of protection from fire (left hand)
 r - a ring of positive energy (right hand)
Scrolls
 h - 2 scrolls of teleportation
 i - 4 scrolls of identify {unknown}
 m - 2 scrolls of amnesia {unknown}
 n - 3 scrolls of remove curse {unknown}
 q - a scroll of immolation {unknown}
Potions
 f - 3 potions of lignification {unknown}
 j - 2 potions of haste {unknown}
 s - a potion of flight {unknown}
Comestibles
 c - 3 rations


   Skills:
 + Level 1.6 Fighting
 + Level 1.6 Short Blades
 + Level 1.6 Long Blades
 + Level 1.6 Axes
 + Level 1.6 Maces & Flails
 + Level 1.6 Polearms
 + Level 1.6 Staves
 + Level 1.6 Slings
 + Level 1.6 Bows
 + Level 1.6 Crossbows
 + Level 1.6 Throwing
 + Level 1.6 Armour
 + Level 4.8 Dodging
 + Level 4.5 Stealth
 + Level 1.6 Shields
 + Level 1.6 Unarmed Combat
 + Level 5.2 Spellcasting
 + Level 7.2 Conjurations
 + Level 1.3 Hexes
 + Level 1.3 Charms
 + Level 1.3 Summonings
 + Level 1.3 Necromancy
 + Level 1.3 Translocations
 + Level 1.3 Transmutations
 + Level 1.3 Fire Magic
 + Level 1.3 Ice Magic
 + Level 1.3 Air Magic
 + Level 1.3 Earth Magic
 + Level 1.3 Poison Magic
 + Level 1.9 Invocations
 + Level 1.6 Evocations


You had 13 spell levels left.
You knew the following spells:

 Your Spells              Type           Power        Failure   Level  Hunger
a - Magic Dart            Conj           ####         1%          1    None

Your spell library contained the following spells:

 Spells                   Type           Power        Failure   Level  Hunger
 Searing Ray              Conj           ####..       2%          2    #......
 Dazzling Spray           Conj/Hex       ###...       17%         3    ##.....
 Iskenderun's Mystic Bla  Conj           ####....     17%         4    ####...
 Force Lance              Conj/Tloc      ###.....     50%         4    ####...
 Fulminant Prism          Conj/Hex       ###.......   50%         4    ####...


Dungeon Overview and Level Annotations

Branches:
Dungeon (3/15)

Altars:
Ashenzari
Ru
Xom


Innate Abilities, Weirdness & Mutations

Your experience applies equally to all skills.
You have very sharp teeth.
Your uncanny sense of smell can sniff out nearby items.


Message History

You feel sick. The killer bee stings you.
* * * LOW HITPOINT WARNING * * *
You are lethally poisoned!
The killer bee poisons you!
* * * LOW HITPOINT WARNING * * *
You feel sick. The killer bee closely misses you.
* * * LOW HITPOINT WARNING * * *
You feel sick. The killer bee closely misses you.
As you read the scroll labeled AGGUJUQ NAORE, it crumbles to dust.
You feel strangely unstable.
It was a scroll of teleportation.
* * * LOW HITPOINT WARNING * * *
You feel sick. The killer bee stings you.
* * * LOW HITPOINT WARNING * * *
The killer bee misses you.
* * * LOW HITPOINT WARNING * * *
You feel sick. The killer bee barely misses you.
* * * LOW HITPOINT WARNING * * *
You feel sick. The killer bee stings you!
You die... ######## #.##.# # .......# #.##.# ## ######.# #.##.### ##. #.# #.##...# #.. #.# #.####.# ##. #.# #.# #.# #. #.# #.# #.# #. ## #.####### #.# #.# #. .# #.yyy.yy#

#@# #.# #. )# #.#####.# #y# #.#
#. y#####.#####.###y# #.# ### #.
#.yy.yy##...yy..y# #.# ##.## #.
y###.#.##.##.##### #.# ##.#.###.
># #.#.##.##.########.###.###.##.
####.#................##.#####.#.
.............##..................
..........#####.########.#####.##


You could see 3 killer bees.

Vanquished Creatures
  A quasit (D:2)
  Robin (D:2)
  6 adders
  3 gnolls (D:2)
  2 dart slugs
  3 worms (D:2)
  A leopard gecko (D:2)
  2 ball pythons
  3 giant cockroaches
  23 goblins
  6 hobgoblins
  3 jackals (D:1)
  A quokka (D:3)
  8 bats
  5 frilled lizards
  7 kobolds
  7 rats
82 creatures vanquished.

Notes
Turn   | Place    | Note
-------+----------+-------------------------------------------
     0 | D:1      | JedernureinKreuz the Gnoll Conjurer began the quest for the
                  | Orb.
     0 | D:1      | Reached XP level 1. HP: 13/13 MP: 6/6
    84 | D:1      | Reached XP level 2. HP: 19/19 MP: 4/7
   347 | D:1      | Reached XP level 3. HP: 22/25 MP: 0/9
   417 | D:1      | Reached skill level 5 in Spellcasting
   955 | D:2      | Reached skill level 1 in Invocations
   993 | D:2      | Reached skill level 1 in Fighting
   993 | D:2      | Reached skill level 1 in Short Blades
   993 | D:2      | Reached skill level 1 in Long Blades
   993 | D:2      | Reached skill level 1 in Axes
   993 | D:2      | Reached skill level 1 in Maces & Flails
   993 | D:2      | Reached skill level 1 in Polearms
   993 | D:2      | Reached skill level 1 in Staves
   993 | D:2      | Reached skill level 1 in Slings
   993 | D:2      | Reached skill level 1 in Bows
   993 | D:2      | Reached skill level 1 in Crossbows
   993 | D:2      | Reached skill level 1 in Throwing
   993 | D:2      | Reached skill level 1 in Armour
   993 | D:2      | Reached skill level 1 in Shields
   993 | D:2      | Reached skill level 1 in Unarmed Combat
   993 | D:2      | Reached skill level 1 in Evocations
   993 | D:2      | Reached XP level 4. HP: 30/32 MP: 1/11
  1045 | D:2      | Found a sacrificial altar of Ru.
  1139 | D:2      | Reached skill level 1 in Hexes
  1139 | D:2      | Reached skill level 1 in Charms
  1139 | D:2      | Reached skill level 1 in Summonings
  1139 | D:2      | Reached skill level 1 in Necromancy
  1139 | D:2      | Reached skill level 1 in Translocations
  1139 | D:2      | Reached skill level 1 in Transmutations
  1139 | D:2      | Reached skill level 1 in Fire Magic
  1139 | D:2      | Reached skill level 1 in Ice Magic
  1139 | D:2      | Reached skill level 1 in Air Magic
  1139 | D:2      | Reached skill level 1 in Earth Magic
  1139 | D:2      | Reached skill level 1 in Poison Magic
  1168 | D:2      | Found a shimmering altar of Xom.
  1168 | D:2      | Found a shattered altar of Ashenzari.
  1247 | D:2      | Reached XP level 5. HP: 23/37 MP: 2/12
  1822 | D:2      | Noticed Robin
  1843 | D:2      | Killed Robin
  2673 | D:3      | HP: 1/38 [poisoned by a killer bee]
  2673 | D:3      | Mangled by a killer bee

Skill      XL: |  1  2  3  4 |
---------------+-------------+-----
Spellcasting   | 5 |  5.2
Invocations    | 1 |  1.9
Fighting       | 1 |  1.6
Short Blades   | 1 |  1.6
Long Blades    | 1 |  1.6
Axes           | 1 |  1.6
Maces & Flails | 1 |  1.6
Polearms       | 1 |  1.6
Staves         | 1 |  1.6
Slings         | 1 |  1.6
Bows           | 1 |  1.6
Crossbows      | 1 |  1.6
Throwing       | 1 |  1.6
Armour         | 1 |  1.6
Shields        | 1 |  1.6
Unarmed Combat | 1 |  1.6
Evocations     | 1 |  1.6
Hexes          | 1 |  1.3
Charms         | 1 |  1.3
Summonings     | 1 |  1.3
Necromancy     | 1 |  1.3
Translocations | 1 |  1.3
Transmutations | 1 |  1.3
Fire Magic     | 1 |  1.3
Ice Magic      | 1 |  1.3
Air Magic      | 1 |  1.3
Earth Magic    | 1 |  1.3
Poison Magic   | 1 |  1.3
Dodging        | |  4.8
Stealth        | |  4.5
Conjurations   | |  7.2

Action                   |  1- 3 |  4- 6 || total
-------------------------+-------+-------++-------
Melee: Short sword       |     7 |       ||     7
       Dagger            |    16 |    65 ||    81
       Bite              |     2 |     5 ||     7
 Cast: Magic Dart        |    47 |    85 ||   132
  Use: Scroll            |       |     1 ||     1
 Stab: Sleeping          |     2 |     3 ||     5
  Eat: Chunk             |       |     3 ||     3
       Ration            |       |     1 ||     1
Armor: Ring mail         |    26 |    22 ||    48
Dodge: Dodged            |    23 |    70 ||    93
